 Dungeon Crawl Stone Soup version 0.28.0-53-g5a82cb258f (webtiles) character file.

Game seed: 5523398864845007373

609 issech the Chopper (level 7, -3/61 HPs)
             Began as a Minotaur Monk on June 10, 2022.
             Slain by a killer bee (7 damage)
             ... on level 4 of the Dungeon.
             The game lasted 00:09:02 (4759 turns).

issech the Chopper (Minotaur Monk)                  Turns: 4759, Time: 00:09:04

Health: -3/61      AC: 11    Str: 15    XL:     7   Next: 19%
Magic:  6/6        EV:  8    Int:  7    God:
Gold:   148        SH:  8    Dex: 15    Spells: 6/6 levels left

rFire   x . .      SeeInvis .   o - +2 short sword (drain)
rCold   + + .      Faith    .   g - +0 kite shield
rNeg    . . .      Spirit   .   q - +0 ice dragon scales
rPois   +          Reflect  .   (helmet restricted)
rElec   .          Harm     .   C - +0 cloak
rCorr   .          Rampage  .   (no gloves)
Will    .....                   (no boots)
Stlth   ..........              e - amulet of magic regeneration
HPRegen 0.20/turn               u - ring of poison resistance
MPRegen 0.50/turn               (no ring)

@: lethally poisoned (-3 -> -7)
A: horns 2, retaliatory headbutt
a: no special abilities


You were on level 4 of the Dungeon.
You visited 1 branch of the dungeon, and saw 5 of its levels.

You collected 148 gold pieces.

Inventory:

Hand Weapons
 a - a +0 hand axe
 o - a +2 short sword of draining (weapon)
 x - a +0 hunting sling
 y - a +0 war axe
Missiles
 b - 32 bolts
 h - 200 stones (quivered)
 n - 52 arrows
 v - 37 sling bullets
 z - 4 curare-tipped darts
Armour
 f - a +0 chain mail
 g - a +0 kite shield (worn)
 q - +0 ice dragon scales (worn)
 C - a +0 cloak (worn)
Jewellery
 e - an amulet of magic regeneration (around neck)
 u - a ring of poison resistance (left hand)
Scrolls
 d - a scroll of enchant armour
 i - 3 scrolls of identify
 k - 2 scrolls of teleportation
 l - a scroll of blinking
 s - a scroll of holy word
 t - 2 scrolls of magic mapping
 w - a scroll of vulnerability {unknown}
 A - a scroll of enchant weapon {unknown}
Potions
 c - a potion of might {unknown}
 j - a potion of mutation {unknown}
 m - 3 potions of curing {unknown}
 p - a potion of heal wounds {unknown}
 r - a potion of haste {unknown}
 B - a potion of flight {unknown}


   Skills:
 + Level 5.1 Fighting
 + Level 3.4 Short Blades
 + Level 5.2 Axes
 + Level 4.3 Armour
 + Level 4.2 Dodging
 + Level 2.0 Stealth
 + Level 2.6 Shields


You had 6 spell levels left.
You didn't know any spells.
Your spell library contained the following spells:

 Spells                   Type           Power      Damage    Failure   Level
 Slow                     Hex            0%         N/A       100%        1
 Confusing Touch          Hex            0%         N/A       100%        3
 Vampiric Draining        Necr           0%         2d6       100%        3


Dungeon Overview and Level Annotations

Branches:
Dungeon (5/15)
 Temple: D:4-7

Altars:
Yredelemnul

Shops:
D:3 (??


Innate Abilities, Weirdness & Mutations

You have a pair of horns on your head.
You reflexively headbutt those who attack you in melee.


Message History

You headbutt the killer bee. You puncture the ogre! You drain the ogre.
The ogre is almost dead.
The killer bee stings you but does no damage.
You block the ogre's attack. The killer bee barely misses you.
You furiously retaliate!
You headbutt the killer bee, but do no damage.
You closely miss the ogre.
The ogre is almost dead.
The killer bee stings you.
You are poisoned.
The killer bee poisons you!
The killer bee stings you but does no damage.
The ogre hits you but does no damage.
You hit the ogre.
You kill the ogre!
You feel very sick. The killer bee barely misses you.
The killer bee stings you!
* * * LOW HITPOINT WARNING * * *
You closely miss the killer bee. Your headbutt misses the killer bee.
The killer bee is lightly wounded.
You feel sick. The killer bee barely misses you.
You block the killer bee's attack. The killer bee stings you.
* * * LOW HITPOINT WARNING * * *
You block the killer bee's attack.
You closely miss the killer bee. Your headbutt misses the killer bee.
The killer bee is lightly wounded.
You feel sick.
The killer bee stings you but does no damage.
The killer bee stings you.
* * * LOW HITPOINT WARNING * * *
The killer bee closely misses you. The killer bee barely misses you. x2
You hit the killer bee but do no damage.
The killer bee is almost dead.
You feel sick.
The killer bee stings you but does no damage.
The killer bee stings you.
* * * LOW HITPOINT WARNING * * *
The killer bee stings you!
You die...

#.################
#.# #...# #..†..
#.# #..[# #.####
#.# #...# #.#
#.#####...###.####
#.................
#.#####...###.####
#y###########.####
#@y...............
#############.####
#.# # ####.## #
#.....# # #######
#.....# # #.....#
#.....# #
##.....###.....# #
#..............#


You could see 2 killer bees.

Vanquished Creatures
  3 ogres (D:4)
  A phantom (D:4)
  A jelly (D:4)
  Jessica (D:2)
  Natasha (thrice) (D:2)
  A gnoll (D:4)
  7 adders
  A white imp (D:5)
  An ufetubus (D:5)
  5 worms
  2 dart slugs (D:1)
  2 orcs (D:3)
  3 endoplasms
  4 giant cockroaches
  5 goblins
  2 hobgoblins (D:3)
  5 jackals
  6 kobolds
  A quokka (D:3)
  8 ball pythons
  2 bats (D:1)
  2 frilled lizards (D:1)
  3 rats
69 creatures vanquished.

Notes
Turn   | Place    | Note
-------+----------+-------------------------------------------
     0 | D:1      | issech the Minotaur Monk began the quest for the Orb.
     0 | D:1      | Reached XP level 1. HP: 19/19 MP: 0/0
   215 | D:1      | Reached XP level 2. HP: 27/27 MP: 1/1
   531 | D:1      | Found a faded altar of an unknown god.
   901 | D:2      | Noticed Jessica
   908 | D:2      | Killed Jessica
   909 | D:2      | Reached XP level 3. HP: 7/33 MP: 2/2
  1256 | D:2      | Reached skill level 1 in Armour
  1534 | D:2      | Reached XP level 4. HP: 31/40 MP: 3/3
  1821 | D:2      | Noticed Natasha
  1828 | D:2      | Killed Natasha
  1913 | D:2      | Noticed Natasha
  1918 | D:2      | Killed Natasha
  1919 | D:2      | Reached skill level 5 in Axes
  2014 | D:2      | Noticed Natasha
  2029 | D:2      | Killed Natasha
  2030 | D:2      | Reached XP level 5. HP: 19/47 MP: 4/4
  2303 | D:3      | Found Relaprum's Magic Scroll Boutique.
  2457 | D:3      | Reached skill level 1 in Shields
  2590 | D:3      | Found Gehejum's Magic Scroll Boutique.
  2775 | D:3      | Found a basalt altar of Yredelemnul.
  3108 | D:3      | Found Tagoran's Antique Weapon Shop.
  3516 | D:4      | Reached skill level 1 in Short Blades
  3707 | D:4      | Noticed a phantom
  3724 | D:4      | Reached XP level 6. HP: 52/55 MP: 5/5
  3828 | D:4      | Reached skill level 5 in Fighting
  4156 | D:4      | Reached XP level 7. HP: 61/61 MP: 6/6
  4621 | D:5      | Entered Level 5 of the Dungeon
  4759 | D:4      | Slain by a killer bee

Illustrated notes

Levels and vault maps discovered:
D:1:      amcnicky_arrival_double_pillar, layout_loops_ring,
          ebering_ecumenical_altar_box, hangedman_abyss_or_decor_stabs
D:2:      layout_basic, uniq_jessica, uniq_natasha
D:3:      layout_basic, overflow_temple_1_default, serial_shops, shop,
          nicolae_shop_advertising_works [nicolae_subvault_shop_adworks],
          nicolae_shop_waterfront
D:4:      cheibrodos_helix_gallery, layout_basic
D:5:      layout_basic, minmay_hedge_maze, serial_bayou_pond_c

Skill      XL: |  1  2  3  4  5  6  7 |
---------------+----------------------+-----
Axes           | 4 5 |  5.2
Fighting       | 4 5 |  5.1
Armour         | 1 2 3 4 |  4.3
Shields        | 1 2 |  2.6
Dodging        | 4 |  4.2
Short Blades   | 1 3 |  3.4
Stealth        | 2 |  2.0

Action                   |  1- 3 |  4- 6 |  7- 9 || total
-------------------------+-------+-------+-------++-------
Melee: Hand axe          |    55 |     5 |       ||    60
       Headbutt          |     8 |    20 |     3 ||    31
       Short sword       |       |   121 |    20 ||   141
  Use: Scroll            |       |     5 |       ||     5
 Stab: Sleeping          |     2 |       |       ||     2
Armor: Chain mail        |    29 |    16 |       ||    45
       Robe              |     2 |       |       ||     2
       Ice dragon scales |       |    38 |    31 ||    69
Dodge: Dodged            |     9 |    44 |    26 ||    79
Block: Kite shield       |     6 |    57 |    23 ||    86
